 Dungeon Crawl Stone Soup version 0.26.0-20-g3ca415f5b8 (webtiles) character file.

Game seed: 13544193592265769088

126 thiole the Sneak (level 5, -2/31 HPs)
             Began as an Octopode Hedge Wizard on Jan 25, 2021.
             Slain by an orc priest
             ... wielding a +0 club
              (4 damage)
             ... on level 4 of the Dungeon.
             The game lasted 00:08:32 (3629 turns).

thiole the Sneak (Octopode Hedge Wizard)            Turns: 3629, Time: 00:08:33

Health: -2/31      AC:  1    Str:  9    XL:     5   Next: 10%
Magic:  6/10       EV: 13    Int: 17    God:
Gold:   192        SH:  0    Dex: 12    Spells: 2/10 levels left

rFire    . . .     SeeInvis .   a - +0 dagger
rCold    . . .     Faith    .   (no shield)
rNeg     . . .     Spirit   .   b - +0 hat
rPois    .         Reflect  .   (no amulet)
rElec    .         Harm     .   (no ring)
rCorr    .         Rampage  .   (no ring)
Will     .....                  (no ring)
Stlth    +++.......             (no ring)
HPRegen  0.10/turn              (no ring)
MPRegen  0.12/turn              (no ring)
                                (no ring)
                                (no ring)

@: slowed, very slow
A: almost no armour, stealthy swim, amphibious, 8 rings, constrict 8, camouflage
1, gelatinous body 1
a: no special abilities


You were on level 4 of the Dungeon.
You visited 1 branch of the dungeon, and saw 4 of its levels.

You collected 192 gold pieces.

Inventory:

Hand Weapons
 a - a +0 dagger (weapon)
Missiles
 h - 57 stones
 m - 5 poisoned darts
Armour
 b - a +0 hat (worn)
Jewellery
 o - an uncursed ring of fire
Scrolls
 c - 8 scrolls of identify
 d - 2 scrolls of teleportation {unknown}
 e - 2 scrolls of noise {unknown}
 f - 2 scrolls of remove curse {unknown}
 i - a scroll of immolation {unknown}
 j - a scroll of enchant weapon {unknown}
 k - a scroll of fear {unknown}
 n - 2 scrolls of amnesia {unknown}
Potions
 g - 2 potions of curing {unknown}
 l - a potion of invisibility {unknown}


   Skills:
 - Level 2.0 Dodging
 + Level 3.8 Stealth
 + Level 3.4 Spellcasting
 - Level 2.0 Conjurations
 - Level 2.0 Summonings
 - Level 1.0 Translocations
 * Level 1.7 Air Magic
 - Level 2.0 Poison Magic


You had 2 spell levels left.
You knew the following spells:

 Your Spells              Type           Power        Failure   Level
a - Magic Dart            Conj           36%          8%          1
b - Call Imp              Summ           9%           11%         2
c - Slow                  Hex            2%           26%         2
d - Mephitic Cloud        Conj/Pois/Air  9%           22%         3

Your spell library contained the following spells:

 Spells                   Type           Power        Failure   Level
 Blink                    Tloc           N/A          17%         2
 Conjure Flame            Conj/Fire      6%           32%         3


Dungeon Overview and Level Annotations

Branches:
Dungeon (4/15)
 Temple: D:4-7

Altars:
Cheibriados
Xom
Zin

Annotations:
D:3 Grinder, Purgy


Innate Abilities, Weirdness & Mutations

You cannot wear most types of armour.
You are very stealthy in the water. (Stealth+)
You are amphibious.
You can wear up to eight rings at the same time.
You can use your tentacles to constrict eight enemies at once.
Your skin changes colour to match your surroundings (Stealth+).
Your rubbery body absorbs attacks. (AC +1, EV +1)


Message History

Aiming: Magic Dart (safe; 8% risk of failure)
Press: ? - help, Shift-Dir - straight line, f/p - orc wizard
Aim: an orc wizard, wielding a +0 dagger and wearing a +0 robe (moderately wounded, fast, 0% to evade)
The magic dart hits the orc wizard but does no damage.
The orc wizard is moderately wounded.
The orc wizard barely misses you. The orc priest hits you with a +0 club.
The orc wizard closely misses you.
Unknown command.
You hit the orc wizard but do no damage.
Your grab misses the orc wizard.
The orc wizard is moderately wounded.
The orc wizard casts a spell at you. The magic dart hits you.
The orc priest mumbles some strange prayers to Beogh against you.
Beogh smites you!
* * * LOW HITPOINT WARNING * * *
The orc wizard hits you with a +0 dagger.
* * * LOW HITPOINT WARNING * * *
The orc priest hits you with a +0 club.
You die...

..#.##...##..##
........###.##
.....###....##
....# #......#
.... ##..#..##
.... ##..##..##
.....##........##
#..............##
..........o@....#
.##...##..o#....#
.####..
#...###..#
.....### #...#
### ......#.#
#...#
...)....####..#
...........##.###
..............###
....#.........^.#


You could see an orc priest and an orc wizard (fast).

Vanquished Creatures
  2 gnolls (D:3)
  3 adders
  An ooze (D:1)
  A worm (D:2)
  2 dart slugs
  2 leopard geckos
  4 orcs
  9 bats
  4 giant cockroaches
  7 goblins
  7 hobgoblins
  10 kobolds
  2 quokkas
  2 frilled lizards (D:1)
  5 rats
61 creatures vanquished.

Vanquished Creatures (collateral kills)
  An adder (D:3)
  A worm (D:3)
2 creatures vanquished.

Grand Total: 63 creatures vanquished

Notes
Turn   | Place    | Note
-------+----------+-------------------------------------------
     0 | D:1      | thiole the Octopode Hedge Wizard began the quest for the
                  | Orb.
     0 | D:1      | Reached XP level 1. HP: 11/11 MP: 4/4
   238 | D:1      | Reached XP level 2. HP: 17/17 MP: 1/6
  1176 | D:2      | Reached XP level 3. HP: 21/21 MP: 3/7
  1933 | D:2      | Learned a level 2 spell: Call Imp
  1936 | D:2      | Learned a level 2 spell: Slow
  1940 | D:2      | Learned a level 3 spell: Mephitic Cloud
  2319 | D:2      | Reached XP level 4. HP: 25/27 MP: 1/8
  2426 | D:2      | Found a shimmering altar of Xom.
  2430 | D:2      | Found a snail-covered altar of Cheibriados.
  2535 | D:3      | Reached skill level 1 in Poison Magic
  2740 | D:3      | Noticed a centaur
  2807 | D:3      | Reached skill level 1 in Air Magic
  3168 | D:3      | Noticed Purgy
  3258 | D:3      | Noticed Grinder
  3282 | D:3      | Found a glowing silver altar of Zin.
  3376 | D:3      | Reached XP level 5. HP: 28/31 MP: 1/10
  3629 | D:4      | Slain by an orc priest

Illustrated notes

Levels and vault maps discovered:
D:1:      dpeg_arrival_shelter, layout_basic, serial_bayou_pond_c
D:2:      layout_loops_ring, nicolae_overflow_hidden_temple
D:3:      layout_loops_ring, general_overflow_altar, uniq_grinder, uniq_purgy
D:4:      layout_cave_pools

Skill      XL: |  1  2  3  4 |
---------------+-------------+-----
Stealth        | 3 |  3.8
Summonings     | 2 |  2.0
Conjurations   | 2 |  2.0
Poison Magic   | 2 |  2.0
Air Magic      | 1 |  1.7
Dodging        | |  2.0
Spellcasting   | |  3.4
Translocations | |  1.0

Action                   |  1- 3 |  4- 6 || total
-------------------------+-------+-------++-------
Melee: Dagger            |    20 |    26 ||    46
       Constrict         |     5 |     6 ||    11
       Tentacles         |     2 |     4 ||     6
 Cast: Magic Dart        |   100 |    59 ||   159
       Call Imp          |       |     2 ||     2
  Use: Scroll            |       |     1 ||     1
 Stab: Sleeping          |       |     4 ||     4
Armor: Skin              |     1 |     3 ||     4
Dodge: Dodged            |    19 |    20 ||    39
